 Dungeon Crawl Stone Soup version 0.31.0-11-ge490571c62 (webtiles) character file.

Game seed: 6380146867251402538

27 Ashen the Magician (level 3, -1/25 HPs)
             Began as a Djinni Hedge Wizard on Jan 27, 2024.
             Killed by nerve-wracking pain
             ... invoked by Jessica
              (14 damage)
             ... on level 2 of the Dungeon.
             The game lasted 00:01:49 (1088 turns).

Ashen the Magician (Djinni Hedge Wizard)            Turns: 1088, Time: 00:01:50

Health: -1/25      AC:  2    Str:  9    XL:     3   Next: 25%
Gold:   31         EV: 12    Int: 17    God:
                   SH:  0    Dex: 12

rFire   + + .        a - +0 dagger
rCold   x . .        (no shield)
rNeg    . . .        b - +0 robe
rPois   ∞            c - +0 hat
rElec   .            (no cloak)
rCorr   .            (no gloves)
SInv    .            (boots unavailable)
Will    .....        (no amulet)
Stlth   ++           (no ring)
HPRegen 0.24/turn    (no ring)
MPRegen 0.00/turn

%: infuse magic (-2 HP)
@: flying
A: sickness immunity, fire resistance 2, cold vulnerability 1, float, innate
caster, HP casting, extra vitality 1
a: no special abilities


You were on level 2 of the Dungeon.
You visited 1 branch of the dungeon, and saw 2 of its levels.

You collected 31 gold pieces.

Inventory:

Hand Weapons
 a - a +0 dagger (weapon)
Armour
 b - a +0 robe (worn)
 c - a +0 hat (worn)
Jewellery
 j - a ring of wizardry
Scrolls
 d - a scroll of brand weapon {unknown}
 e - 2 scrolls of identify {unknown}
 f - a scroll of noise {unknown}
 g - a scroll of fear {unknown}
 i - a scroll of torment {unknown}
 l - a scroll of fog {unknown}
 m - a scroll of poison {unknown}
 n - 2 scrolls of immolation {unknown}
Potions
 h - 3 potions of heal wounds {unknown}
 k - a potion of resistance {unknown}


   Skills:
 + Level 0.0 Fighting
 + Level 2.8 Dodging
 + Level 2.1 Stealth
 * Level 3.3 Spellcasting
 * Level 3.3 Conjurations
 * Level 3.3 Hexes
   Level 0.0 Charms
 * Level 3.3 Summonings
 * Level 3.3 Necromancy
 * Level 3.3 Translocations
   Level 0.0 Transmutations
 * Level 3.3 Fire Magic
 * Level 3.3 Ice Magic
 * Level 3.3 Air Magic
 * Level 3.3 Earth Magic
 * Level 3.3 Alchemy


You knew the following spells:

 Your Spells              Type           Power      Damage    Failure   Level
a - Magic Dart            Conj           56%        1d5       4%          1
b - Slow                  Hex            56%        N/A       4%          1
c - Blink                 Tloc           28%        N/A       7%          2
d - Call Imp              Summ           28%        N/A       7%          2
e - Mephitic Cloud        Conj/Alch/Air  14%        N/A       13%         3
f - Necrotise             Necr           56%        1d6       4%          1
Your spell library was empty.

Dungeon Overview and Level Annotations

Branches:
Dungeon (2/15)

Altars:

Shops:
D:1 [

Annotations:
D:2 Jessica


Innate Abilities, Weirdness & Mutations

You are immune to sickness and miasma.
You are immune to poison.
Your flesh is very heat resistant. (rF++)
You are vulnerable to cold. (rC-)
You float through the air rather than walking.
You learn spells naturally, not from books.
Your magical power is your life essence.
You have superior vitality. (+4 MHP)


Message History

Aiming: Magic Dart (safe; 4% risk of failure)
Press: ? - help, Shift-Dir - straight line, f - Jessica
Aim: Jessica, wielding a +0 club and wearing a +0 robe (100% to hit)
The magic dart hits Jessica.
Jessica is lightly wounded.
Casting: Magic Dart (safe; 4% risk of failure)
Confirm with . or Enter, or press ? or * to list all spells.
Aiming: Magic Dart (safe; 4% risk of failure)
Press: ? - help, Shift-Dir - straight line, f/p - Jessica
Aim: Jessica, wielding a +0 club and wearing a +0 robe (lightly wounded, 100% to hit)
The magic dart hits Jessica but does no damage.
Jessica is lightly wounded.
Jessica casts a spell.
Jessica blinks!
Casting: Magic Dart (safe; 4% risk of failure)
Confirm with . or Enter, or press ? or * to list all spells.
You can't see any susceptible monsters within range! (Use Z to cast anyway.) Jessica is nearby!
Casting: Magic Dart (safe; 4% risk of failure)
Confirm with . or Enter, or press ? or * to list all spells.
Aiming: Necrotise (safe; 4% risk of failure)
Press: ? - help, Shift-Dir - straight line, f/p - Jessica
Aim: Jessica, wielding a +0 club and wearing a +0 robe (lightly wounded, chance to affect: 78%) Jessica barely resists.
Casting: Necrotise (safe; 4% risk of failure)
Confirm with . or Enter, or press ? or * to list all spells.
Aiming: Necrotise (safe; 4% risk of failure)
Press: ? - help, Shift-Dir - straight line, f/p - Jessica
Aim: Jessica, wielding a +0 club and wearing a +0 robe (lightly wounded, chance to affect: 78%) Jessica writhes in agony.
Jessica hits you with a +0 club.
Casting: Necrotise (safe; 4% risk of failure)
Confirm with . or Enter, or press ? or * to list all spells.
Aiming: Necrotise (safe; 4% risk of failure)
Press: ? - help, Shift-Dir - straight line, f/p - Jessica
Aim: Jessica, wielding a +0 club and wearing a +0 robe (moderately wounded, chance to affect: 78%) Jessica writhes in agony.
Jessica casts a spell at you. Pain shoots through your body!
Ouch! That really hurt!
You die...

####### ##..†..#
<.....###<####.###
#.###. #.........
..>##.###.####.##.
..........# ###
....#.#.#####.## .
#...####.#@#
###.....###@...#
#....###.# ##.)..#
#.#..# #.# .#.#
...#..# ..# # ###
#..# .# #...# .#
##..# . #..# ..


You could see Jessica.

Vanquished Creatures
  A goblin (D:1)
  7 jackals (D:1)
  3 quokkas (D:1)
  6 ball pythons
  2 bats
  4 kobolds
  2 rats (D:1)
25 creatures vanquished.

Notes
Turn   | Place    | Note
-------+----------+-------------------------------------------
     0 | D:1      | Ashen the Djinni Hedge Wizard began the quest for the Orb.
     0 | D:1      | Ashen set off with the following spells memorised: Magic
                  | Dart, Slow, Blink, Call Imp, Mephitic Cloud.
     0 | D:1      | Reached XP level 1. HP: 15/15 MP: 0/0
   376 | D:1      | Found Lyumumm's Armour Shoppe.
   376 | D:1      | Noticed an animated shadow dragon scales
   376 | D:1      | Noticed an animated shadow dragon scales
   379 | D:1      | Reached XP level 2. HP: 20/21 MP: 0/0
   749 | D:1      | Reached XP level 3. HP: 22/25 MP: 0/0
   749 | D:1      | Learned a level 1 spell: Necrotise
  1080 | D:2      | Noticed Jessica
  1088 | D:2      | Killed from afar by Jessica

Illustrated notes

Levels and vault maps discovered:
D:1:      amcnicky_arrival_double_pillar, layout_loops_corners, serial_shops,
          nicolae_shop_mannequins
D:2:      minmay_skewed_foursquare, layout_loops_ring, minmay_fountain_box,
          uniq_jessica

Skill      XL: |  1  2 |
---------------+-------+-----
Stealth        | 2 |  2.1
Dodging        | |  2.8
Spellcasting   | |  3.3
Conjurations   | |  3.3
Hexes          | |  3.3
Summonings     | |  3.3
Necromancy     | |  3.3
Translocations | |  3.3
Fire Magic     | |  3.3
Ice Magic      | |  3.3
Air Magic      | |  3.3
Earth Magic    | |  3.3
Alchemy        | |  3.3

Action                     || total
---------------------------++-------
  Melee: Dagger            ||     3
   Cast: Magic Dart        ||    46
         Necrotise         ||     9
   Stab: Sleeping          ||     1
 Armour: Robe              ||    12
  Dodge: Dodged            ||    23
